 Dungeon Crawl Stone Soup version 0.30-a0-738-g116ff8c4af (webtiles) character file.

Game seed: 11710384819365832791

13762 jasper the Destroyer (level 11, -4/84 HPs)
             Began as a Demonspawn Cinder Acolyte on Feb 3, 2023.
             Was an Initiate of Vehumet.
             Hit by a stone thrown by an orc knight (13 damage)
             ... on level 15 of the Dungeon.
             The game lasted 00:32:11 (13718 turns).

jasper the Destroyer (Demonspawn Cinder Acolyte)   Turns: 13718, Time: 00:32:12

Health: -4/84      AC: 17    Str: 15    XL:     11   Next: 79%
Magic:  7/23       EV: 16    Int: 20    God:    Vehumet [......]
Gold:   668        SH:  4    Dex: 10    Spells: 10/27 levels left

rFire   . . .      SeeInvis +    z - +1 dagger (venom)
rCold   . . .      Faith    .    N - +0 buckler
rNeg    . . .      Spirit   .    M - +1 acid dragon scales
rPois   .          Reflect  .    (helmet restricted)
rElec   .          Harm     .    q - +0 cloak
rCorr   +          Rampage  .    C - +1 Delatra's gloves {ID++}
Will    .....                    t - +2 pair of boots
Stlth   +                        d - amulet of magic regeneration
HPRegen 0.34/turn                h - +5 ring of evasion
MPRegen 0.58/turn                v - ring of Zihuryi {Dex+2 SInv}

@: no status effects
A: antennae 2, thin metallic scales 2, demonic guardian 1, demonic magic 1
a: Renounce Religion


You were on level 15 of the Dungeon.
You worshipped Vehumet.
Vehumet was noncommittal.
You visited 2 branches of the dungeon, and saw 15 of its levels.
You also visited: Ossuary.

You collected 932 gold pieces.
You spent 264 gold pieces at shops.

Inventory:

Hand Weapons
 z - a +1 dagger of venom (weapon)
 D - the +0 sling of Disorder {speed, rElec Will+ Dex-3}
   (You took it off a goblin on level 4 of the Dungeon)

   Dex:       It affects your dexterity (-3).
   rElec:     It insulates you from electricity.
   Will:      It increases your willpower.
Missiles
 e - 2 silver boomerangs
 g - 154 stones
 l - 3 javelins
 n - 29 boomerangs
 r - 3 throwing nets
 P - 2 curare-tipped darts
Armour
 a - a +0 robe
 q - a +0 cloak (worn)
 t - a +2 pair of boots (worn)
 C - the +1 Delatra's gloves (worn) {ID++}
   (You found it on level 4 of the Dungeon)

   ID++:      It heals its wearer when they drink unknown potions, and restores
   their MP when they read unknown scrolls.
 M - +1 acid dragon scales (worn)
 N - a +0 buckler (worn)
Jewellery
 b - a ring of protection from cold
 d - an amulet of magic regeneration (around neck)
 h - a +5 ring of evasion (left hand)
 p - an amulet of the acrobat
 v - the ring of Zihuryi (right hand) {Dex+2 SInv}
   (You found it on level 5 of the Dungeon)

   [ring of see invisible]

   Dex:       It affects your dexterity (+2).
   SInv:      It lets you see invisible.
 J - a +5 ring of evasion
 R - a ring of protection from cold
Wands
 w - a wand of mindburst (8)
 y - a wand of paralysis (16)
 A - a wand of flame (14)
 L - a wand of polymorph (15)
Scrolls
 i - 5 scrolls of fog
 k - 8 scrolls of teleportation
 x - 4 scrolls of enchant weapon
 E - 12 scrolls of identify
 G - 2 scrolls of blinking
 H - a scroll of fear
 K - 2 scrolls of amnesia
 O - a scroll of enchant armour
 Q - a scroll of poison
Potions
 c - 3 potions of heal wounds
 f - 4 potions of flight
 j - 5 potions of lignification
 m - 8 potions of mutation
 o - 3 potions of brilliance {unknown}
 s - 8 potions of curing {unknown}
 u - a potion of berserk rage {unknown}
 B - 2 potions of might {unknown}
 F - 3 potions of ambrosia {unknown}
 I - 2 potions of attraction {unknown}
 S - a potion of invisibility {unknown}
 T - 2 potions of resistance {unknown}


   Skills:
 + Level 7.3 Fighting
 + Level 4.4 Armour
 + Level 3.0 Dodging
 - Level 4.0 Shields
 - Level 2.6 Unarmed Combat
 + Level 8.6 Spellcasting
 - Level 10.2 Conjurations
 - Level 4.0 Translocations
 - Level 7.4 Fire Magic


You had 10 spell levels left.
You knew the following spells:

 Your Spells              Type           Power      Damage    Failure   Level
a - Scorch                Fire           76%        2d9       1%          2
b - Dazzling Flash        Conj/Hex       58%        N/A       5%          3
c - Iskenderun's Mystic   Conj/Tloc      37%        2d9       8%          4
d - Flame Wave            Conj/Fire      43%        2d11      3%          4
e - Sticky Flame          Conj/Fire      43%        2d6       3%          4

Your spell library contained the following spells:

 Spells                   Type           Power      Damage    Failure   Level
 Kindle Blastsparks       Fire/Tloc/Air  46%        2d13      9%          3
 Inner Flame              Hex/Fire       23%        N/A       10%         3
 Ignite Poison            Fire/Tmut/Pois 18%        N/A       16%         3
 Starburst                Conj/Fire      21%        6d7       52%         6
 Freezing Cloud           Conj/Ice/Air   11%        6-21      69%         5


Dungeon Overview and Level Annotations

Branches:
Dungeon (14/15)            Temple (1/1) D:7            Lair (0/5) D:8
    Orc (0/2) D:9         Ossuary (visited)
 Vaults: D:13-14

Altars:
Ashenzari
Cheibriados
Fedhas
Hepliaklqana
Kikubaaqudgha
Makhleb
Nemelex Xobeh
Okawaru
Ru
Sif Muna
Trog
Vehumet
Wu Jian
Xom
Yredelemnul

Shops:
D:5 [?=?:   D:6 *


Innate Abilities, Weirdness & Mutations

You have a pair of antennae on your head.
You are mostly covered in thin metallic scales. (AC +3)
A weak demonic guardian rushes to your aid.
Spells you cast may paralyse adjacent enemies.


Message History

The orc priest looks braver for a moment.
You take 3 damage, and have 23/84 hp.
You now have 10/23 mp.
A wave of flame ripples out!
The flame wave engulfs the orc knight.
The orc knight is heavily wounded.
The flame wave engulfs the orc.
The orc resists.
The orc is severely wounded.
The orc knight roars a battlecry!
The orcs go into a battle-frenzy!
A wave of flame ripples out!
The flame wave engulfs the orc knight!
The orc knight is severely wounded.
The flame wave engulfs the orc.
The orc resists.
You kill the orc!
Vehumet accepts your kill.
The flame wave engulfs the orc priest!
You kill the orc priest!
Vehumet accepts your kill.
The flame wave engulfs the warg!
The warg is severely wounded.
You finish channelling waves of flame.
You block the orc knight's attack.
You now have 9/23 mp.
Casting: Flame Wave (dangerous; 3% risk of failure)
Confirm with . or Enter, or press ? or * to list all spells.
Casting: Flame Wave (dangerous; 3% risk of failure)
Press: ? - help, Dir - look around, f - activate A wave of flame ripples out!
The flame wave engulfs the orc knight.
The orc knight is severely wounded. (Press . to intensify the flame waves.) Malevolent energies surge around you.
The orc knight hits you with a +1 great mace!
* * * LOW HITPOINT WARNING * * *
A demonic guardian appears!
You take 16 damage, and have 8/84 hp.
You now have 6/23 mp.
You swap places.
Your rust devil hits the orc knight!
Your rust devil corrodes the orc knight!
The orc knight throws a stone.
The stone barely misses your rust devil.
The stone hits you but does no damage.
The orc knight throws a stone.
The stone misses your rust devil. The stone hits you!
You die...

#/......# #.#
#.##.##.# #.#
#.##.##.##
##.#
#{##.....#
#..#
#.#####..#
#.##
#o#####..# #.#
#...{....# #.#
########.#
#.####### #.#
#.@.4oh)# {
#.# #######.#
#o# #.# #.#
#.# #.#
####{#### #{#
#.......# #.#
#.##.###...#
#.# #.##.# {
).
#.#######.##.#


You could see an orc knight (corroded, ally target), a warg and a friendly rust
devil (summoned).

Vanquished Creatures
  Harold (D:11)
  3 two-headed ogres
  The ghost of jejorda2 the Spear-Bearer, a novice MfBe of Trog (D:6)
  A manticore (D:15)
  A cyclops (D:15)
  An ugly thing (D:9)
  A gargoyle (D:10)
  A freezing wraith (D:15)
  2 kobold demonologists (D:9)
  A troll (D:10)
  A hornet (D:7)
  A shadow (D:10)
  6 yaks
  A vampire (D:9)
  4 wyverns
  13 fire elementals
  A steam dragon (D:8)
  2 acid dragons
  5 water moccasins
  5 orc warriors
  3 sky beasts
  3 ice beasts
  6 wolves (D:8)
  4 centaurs
  4 kobold brigands
  A gnoll sergeant (D:8)
  2 bullfrogs
  A scorpion (D:7)
  7 wights
  31 killer bees
  7 howler monkeys
  4 centaur zombies (Ossuary)
  3 jellies
  2 orc priests
  2 hounds (D:4)
  Ijyb (D:4)
  2 orc wizards
  An ogre zombie (Ossuary)
  7 mummies (Ossuary)
  8 adders
  18 gnolls
  3 shadow imps
  A white imp (D:7)
  An ufetubus (D:6)
  2 adder zombies (Ossuary)
  A worm (D:3)
  3 dart slugs
  28 orcs
  5 bats
  6 endoplasms
  5 giant cockroaches
  A gnoll zombie (Ossuary)
  13 goblins
  3 hobgoblins (D:1)
  6 jackals
  20 kobolds
  7 quokkas
  11 ball pythons
  4 frilled lizards
  2 goblin zombies (Ossuary)
  3 hobgoblin zombies (Ossuary)
  3 kobold zombies (Ossuary)
  9 quokka zombies (Ossuary)
  4 rats
  5 rat zombies (Ossuary)
315 creatures vanquished.

Vanquished Creatures (collateral kills)
  A tengu warrior (D:13)
  2 fire elementals (D:15)
3 creatures vanquished.

Vanquished Creatures (others)
  A yaktaur (D:15)
  21 foxfires (D:2)
  2 fungi (D:8)
  16 plants (D:8)
40 creatures vanquished.

Grand Total: 358 creatures vanquished

Notes
Turn   | Place    | Note
-------+----------+-------------------------------------------
     0 | D:1      | jasper the Demonspawn Cinder Acolyte began the quest for
                  | the Orb.
     0 | D:1      | Reached XP level 1. HP: 18/18 MP: 2/2
   235 | D:1      | Gained mutation: You are partially covered in thin metallic
                  | scales. (AC +2) [demonic ancestry]
   235 | D:1      | Reached XP level 2. HP: 18/24 MP: 3/3
   253 | D:1      | Learned a level 2 spell: Scorch
   515 | D:1      | Gained mutation: Spells you cast may paralyse adjacent
                  | enemies. [demonic ancestry]
   515 | D:1      | Reached XP level 3. HP: 29/29 MP: 1/4
  1479 | D:2      | Gained mutation: You have a pair of small antennae on your
                  | head. [demonic ancestry]
  1479 | D:2      | Reached XP level 4. HP: 32/35 MP: 2/6
  2010 | D:2      | Reached XP level 5. HP: 17/41 MP: 1/8
  2026 | D:2      | Found a faded altar of an unknown god.
  2117 | D:2      | Reached skill level 5 in Fire Magic
  3516 | D:4      | Noticed a sky beast
  3527 | D:4      | Killed a sky beast
  3528 | D:4      | Gained mutation: You have a pair of antennae on your head.
                  | [demonic ancestry]
  3528 | D:4      | Reached XP level 6. HP: 31/47 MP: 3/10
  4282 | D:4      | Noticed Ijyb
  4302 | D:4      | Killed Ijyb
  4375 | D:4      | Identified the +0 sling of Disorder {speed, rElec Will+
                  | Dex-3}
  4520 | D:4      | Found the +1 Delatra's gloves {ID++}
  4893 | D:5      | Entered Level 5 of the Dungeon
  4893 | D:5      | Found Uptatic's Magic Scroll Shop.
  5119 | D:5      | Bought a scroll of teleportation for 36 gold pieces
  5119 | D:5      | Bought a scroll of teleportation for 36 gold pieces
  5119 | D:5      | Bought 2 scrolls of fog for 96 gold pieces
  5150 | D:5      | Found Cukoj's Antique Armour Shop.
  5202 | D:5      | Found Afyfri's Jewellery Shop.
  5208 | D:5      | Found Isoaj's Magic Scroll Shoppe.
  5213 | D:5      | Noticed a water moccasin
  5223 | D:5      | Killed a water moccasin
  5224 | D:5      | Reached XP level 7. HP: 44/52 MP: 4/12
  5313 | D:5      | Bought a scroll of fog for 56 gold pieces
  5441 | D:5      | Identified the ring of Zihuryi {Dex+2 SInv}
  5495 | D:5      | Found a sand-covered staircase.
  5499 | Ossuary  | Entered an ossuary
  6266 | D:5      | Found Otemy's Book Boutique.
  6483 | D:6      | Learned a level 3 spell: Dazzling Flash
  6488 | D:6      | Learned a level 4 spell: Iskenderun's Mystic Blast
  6704 | D:6      | Reached skill level 1 in Conjurations
  6751 | D:6      | Gained mutation: You are mostly covered in thin metallic
                  | scales. (AC +3) [demonic ancestry]
  6751 | D:6      | Reached XP level 8. HP: 58/58 MP: 10/14
  6976 | D:6      | Reached skill level 2 in Conjurations
  7012 | D:6      | Found a runed translucent door.
  7028 | D:6      | Noticed jejorda2's ghost (novice MfBe)
  7123 | D:6      | Reached skill level 3 in Conjurations
  7128 | D:6      | Reached skill level 5 in Spellcasting
  7140 | D:6      | Learned a level 4 spell: Flame Wave
  7145 | D:6      | Learned a level 4 spell: Sticky Flame
  7160 | D:6      | Found Ytiurulo's CLEARANCE SALE!.
  7170 | D:6      | Bought a potion of magic for 40 gold pieces
  7416 | D:6      | Killed jejorda2's ghost
  7417 | D:6      | Reached skill level 5 in Conjurations
  7521 | D:7      | Reached XP level 9. HP: 67/67 MP: 9/17
  7528 | D:7      | Reached skill level 5 in Fighting
  7549 | D:6      | Reached skill level 6 in Conjurations
  8088 | D:7      | Reached skill level 7 in Conjurations
  8121 | D:7      | Found a staircase to the Ecumenical Temple.
  8450 | D:8      | Reached skill level 8 in Conjurations
  8450 | D:8      | Gained mutation: A weak demonic guardian rushes to your
                  | aid. [demonic ancestry]
  8450 | D:8      | Reached XP level 10. HP: 76/76 MP: 6/20
  8452 | D:8      | Reached skill level 1 in Armour
  8975 | D:8      | Reached skill level 9 in Conjurations
  8981 | D:8      | Noticed a two-headed ogre
  8989 | D:8      | Killed a two-headed ogre
  9160 | D:8      | Found a staircase to the Lair.
  9353 | D:9      | Noticed a brown ugly thing
  9360 | D:9      | Killed a brown ugly thing
  9361 | D:9      | Reached skill level 1 in Shields
  9460 | D:9      | Reached skill level 10 in Conjurations
  9716 | D:9      | Found a staircase to the Orcish Mines.
  9790 | D:9      | Noticed a two-headed ogre
  9806 | D:9      | Killed a two-headed ogre
  9807 | D:9      | Reached skill level 1 in Translocations
  9807 | D:9      | Reached XP level 11. HP: 81/81 MP: 15/23
  9968 | D:9      | Found a shimmering altar of Xom.
  9972 | D:9      | Found a shimmering blue altar of Sif Muna.
  9979 | D:9      | Found a blossoming altar of Fedhas.
  9990 | D:9      | Found a sacrificial altar of Ru.
  9990 | D:9      | Found a basalt altar of Yredelemnul.
 10098 | D:9      | Found a sparkling altar of Nemelex Xobeh.
 10373 | D:10     | Entered Level 10 of the Dungeon
 10842 | Temple   | Entered the Ecumenical Temple
 10850 | Temple   | Fell from the grace of Ignis
 10850 | Temple   | Became a worshipper of Vehumet
 11639 | D:11     | Noticed Harold
 11644 | D:11     | Killed Harold
 11645 | D:11     | Reached skill level 1 in Dodging
 11803 | D:11     | You fall into a shaft and drop 3 floors!
 11816 | D:14     | Noticed a two-headed ogre
 11827 | D:14     | Killed a two-headed ogre
 11929 | D:14     | Noticed a white ugly thing
 11929 | D:14     | Noticed a fire dragon
 12266 | D:13     | Noticed a tengu warrior
 12266 | D:13     | Noticed a tengu warrior
 12625 | D:14     | Found a hazy altar of Hepliaklqana.
 12824 | D:13     | Killed a tengu warrior
 12930 | D:14     | You fall into a shaft and drop 1 floor!
 12930 | D:15     | Entered Level 15 of the Dungeon
 13143 | D:15     | Was forgiven by Ignis
 13389 | D:15     | Found a blossoming altar of Fedhas.
 13614 | D:15     | Noticed an orc knight
 13617 | D:15     | Identified the +0 kite shield "Vidgh" {Contam rF++ Slay+2
                  | SInv}
 13718 | D:15     | Hit by a stone thrown by an orc knight

Illustrated notes

Levels and vault maps discovered:
D:1:      minmay_arrival_nine_rooms, layout_basic
D:2:      kennysheep_big_flooded_room, layout_loops_ring,
          nicolae_ecumenical_snake_handling, minmay_fractal_squares_5
D:3:      layout_rooms, kennysheep_generic_room_10
D:4:      kennysheep_goblin_castle, layout_loops_ring
D:5:      layout_rooms, serial_shops, nicolae_shop_stone, shop_statue,
          nicolae_shop_competitors_out_of_business, shop, shop,
          nicolae_ossuary_entry_false_entrances
D:6:      layout_loops_corners, ebering_ghost_reflecting_pool,
          nicolae_shop_clearance
D:7:      layout_cave_pools, temple_green, serial_glass, glass_columns_a,
          glass_columns_b
D:8:      layout_cave_pools, minmay_lair_entry_grove
D:9:      layout_cave_pods, grunt_temple_overflow_open, orc_0_dummy
D:10:     layout_basic
D:11:     layout_loops_cross, uniq_harold
D:13:     layout_roguey, skrybe_vaults_entry_preservation, serial_bayou,
          serial_bayou_pond_d, serial_bayou_crossing, serial_bayou_ford_a,
          serial_bayou_shore_b
D:14:     layout_basic, nzn_hepliaklqana_mist_gate, st_stairs_4
D:15:     grunt_enter_depths_magical_seal, layout_loops_ring, fedhas_altar_1,
          lemuel_nasty_fountain
Temple:   eino_narrow_crystal_temple

Skill      XL: |  1  2  3  4  5  6  7  8  9 10 11 |
---------------+----------------------------------+-----
Fire Magic     | 3 4 5 6 7 |  7.4
Spellcasting   | 2 3 4 5 6 8 |  8.6
Conjurations   | 1 5 8 10 | 10.2
Fighting       | 4 6 7 |  7.3
Armour         | 3 4 |  4.4
Shields        | 2 4 |  4.0
Translocations | 1 4 |  4.0
Dodging        | 3 |  3.0
Unarmed Combat | |  2.6

Action                     |  1- 3 |  4- 6 |  7- 9 | 10-12 || total
---------------------------+-------+-------+-------+-------++-------
  Melee: Unarmed           |    72 |    96 |       |       ||   168
         Punch             |     1 |     1 |     3 |       ||     5
         Dagger            |       |     9 |    58 |   111 ||   178
   Fire: Sling             |       |       |       |    13 ||    13
  Throw: Boomerang         |     9 |       |       |       ||     9
   Cast: Scorch            |    24 |    88 |   149 |    93 ||   354
         Flame Wave        |       |       |    16 |    22 ||    38
         Sticky Flame      |       |       |     3 |    29 ||    32
         Iskenderun's Myst |       |       |       |    41 ||    41
         Dazzling Flash    |       |       |       |     1 ||     1
 Invoke: Foxfire Swarm     |       |     2 |       |       ||     2
  Evoke: Wand              |       |     2 |     2 |     2 ||     6
    Use: Scroll            |     4 |     7 |     6 |     3 ||    20
         Potion            |       |     1 |     3 |     4 ||     8
   Stab: Paralysed         |       |    13 |    30 |     7 ||    50
 Armour: Robe              |    21 |    35 |    43 |       ||    99
         Acid dragon scale |       |       |     2 |   100 ||   102
  Dodge: Dodged            |    45 |    65 |   132 |   226 ||   468
  Block: Buckler           |       |       |       |    40 ||    40

Table legend: (Time is in decaauts)
 A = Elapsed time spent in this place.
 B = Non-inter-level travel time spent in this place.
 C = Inter-level travel time spent in this place.
 D = Time resting spent in this place.
 E = Time spent auto-exploring this place.
 F = Levels seen in this place.
 G = Mean time per level.
                   A        B        C        D        E       F      G
               +--------+--------+--------+--------+--------+-----+--------+
         Total |  13723 |  13294 |    429 |   2857 |   8072 |  16 |  857.7 |
       Dungeon |  13008 |  12593 |    415 |   2821 |   7592 |  14 |  929.1 |
        Temple |     16 |      2 |     14 |      0 |      0 |   1 |   16.0 |
       Ossuary |    698 |    698 |      0 |     36 |    480 |   1 |  698.0 |
               +--------+--------+--------+--------+--------+-----+--------+

Top non-repeatable levels by time:
     D:4: 1777 daAuts
     D:2: 1576 daAuts
     D:6: 1241 daAuts
    D:14: 1112 daAuts
     D:9: 1102 daAuts
    D:10: 1093 daAuts
     D:3: 912 daAuts
     D:7: 906 daAuts
     D:8: 810 daAuts
    D:15: 788 daAuts
     D:1: 759 daAuts
 Ossuary: 698 daAuts
     D:5: 664 daAuts
    D:11: 245 daAuts
  Temple: 16 daAuts
